[gd_scene load_steps=24 format=3 uid="uid://cj32002fj5ome"]

[ext_resource type="Script" uid="uid://bqstj7ubfag1c" path="res://classes/CharacterSprite.gd" id="1_rqqmd"]
[ext_resource type="Texture2D" uid="uid://da0b4xbjjlxfe" path="res://assets/images/characters/court/edgeworth/oof/0.png" id="2_wktn1"]
[ext_resource type="Texture2D" uid="uid://dbdwwy32xdtu6" path="res://assets/images/characters/court/edgeworth/oof/1.png" id="3_rqqmd"]
[ext_resource type="Texture2D" uid="uid://csmd30v1if6j2" path="res://assets/images/characters/court/edgeworth/oof/2.png" id="4_ptfmt"]
[ext_resource type="Texture2D" uid="uid://s84wp26wyv12" path="res://assets/images/characters/court/edgeworth/oof/3.png" id="5_nwoht"]
[ext_resource type="Texture2D" uid="uid://dvmhogodyh6gq" path="res://assets/images/characters/court/edgeworth/oof/eye0.png" id="6_xsnmi"]
[ext_resource type="Texture2D" uid="uid://md7ht88lqje7" path="res://assets/images/characters/court/edgeworth/oof/eye1.png" id="7_il4i1"]
[ext_resource type="Texture2D" uid="uid://daeq477yl5ura" path="res://assets/images/characters/court/edgeworth/oof/eye2.png" id="8_och1u"]
[ext_resource type="Texture2D" uid="uid://814ok6bqskol" path="res://assets/images/characters/court/edgeworth/oof/mouth0.png" id="9_w6j4h"]
[ext_resource type="Texture2D" uid="uid://csnyq8rhi7cay" path="res://assets/images/characters/court/edgeworth/oof/mouth1.png" id="10_v6t43"]
[ext_resource type="Texture2D" uid="uid://c5d2xm5gs78ym" path="res://assets/images/characters/court/edgeworth/oof/mouth2.png" id="11_6aslk"]

[sub_resource type="Animation" id="Animation_mjokw"]
resource_name = "Eyes"
length = 0.28
step = 0.07
tracks/0/type = "value"
tracks/0/imported = false
tracks/0/enabled = true
tracks/0/path = NodePath("Eyes/Eyes0:visible")
tracks/0/interp = 1
tracks/0/loop_wrap = true
tracks/0/keys = {
"times": PackedFloat32Array(0, 0.07, 0.14, 0.21),
"transitions": PackedFloat32Array(1, 1, 1, 1),
"update": 1,
"values": [true, false, true, false]
}
tracks/1/type = "value"
tracks/1/imported = false
tracks/1/enabled = true
tracks/1/path = NodePath("Eyes/Eyes1:visible")
tracks/1/interp = 1
tracks/1/loop_wrap = true
tracks/1/keys = {
"times": PackedFloat32Array(0, 0.07, 0.14),
"transitions": PackedFloat32Array(1, 1, 1),
"update": 1,
"values": [false, true, false]
}

[sub_resource type="Animation" id="Animation_xaqat"]
length = 0.001
tracks/0/type = "value"
tracks/0/imported = false
tracks/0/enabled = true
tracks/0/path = NodePath("Eyes/Eyes0:visible")
tracks/0/interp = 1
tracks/0/loop_wrap = true
tracks/0/keys = {
"times": PackedFloat32Array(0),
"transitions": PackedFloat32Array(1),
"update": 1,
"values": [false]
}
tracks/1/type = "value"
tracks/1/imported = false
tracks/1/enabled = true
tracks/1/path = NodePath("Eyes/Eyes1:visible")
tracks/1/interp = 1
tracks/1/loop_wrap = true
tracks/1/keys = {
"times": PackedFloat32Array(0),
"transitions": PackedFloat32Array(1),
"update": 1,
"values": [false]
}

[sub_resource type="AnimationLibrary" id="AnimationLibrary_p5637"]
_data = {
&"Eyes": SubResource("Animation_mjokw"),
&"RESET": SubResource("Animation_xaqat")
}

[sub_resource type="Animation" id="Animation_0yvmd"]
resource_name = "Mouth"
length = 0.6
loop_mode = 1
step = 0.15
tracks/0/type = "value"
tracks/0/imported = false
tracks/0/enabled = true
tracks/0/path = NodePath("Mouth/Mouth0:visible")
tracks/0/interp = 1
tracks/0/loop_wrap = true
tracks/0/keys = {
"times": PackedFloat32Array(0.45, 0.6),
"transitions": PackedFloat32Array(1, 1),
"update": 1,
"values": [true, false]
}
tracks/1/type = "value"
tracks/1/imported = false
tracks/1/enabled = true
tracks/1/path = NodePath("Mouth/Mouth1:visible")
tracks/1/interp = 1
tracks/1/loop_wrap = true
tracks/1/keys = {
"times": PackedFloat32Array(0, 0.15, 0.3, 0.45, 0.6),
"transitions": PackedFloat32Array(1, 1, 1, 1, 1),
"update": 1,
"values": [true, false, true, false, true]
}
tracks/2/type = "value"
tracks/2/imported = false
tracks/2/enabled = true
tracks/2/path = NodePath("Mouth/Mouth2:visible")
tracks/2/interp = 1
tracks/2/loop_wrap = true
tracks/2/keys = {
"times": PackedFloat32Array(0.15, 0.3),
"transitions": PackedFloat32Array(1, 1),
"update": 1,
"values": [true, false]
}

[sub_resource type="Animation" id="Animation_wktn1"]
length = 0.001
tracks/0/type = "value"
tracks/0/imported = false
tracks/0/enabled = true
tracks/0/path = NodePath("Mouth/Mouth0:visible")
tracks/0/interp = 1
tracks/0/loop_wrap = true
tracks/0/keys = {
"times": PackedFloat32Array(0),
"transitions": PackedFloat32Array(1),
"update": 1,
"values": [false]
}
tracks/1/type = "value"
tracks/1/imported = false
tracks/1/enabled = true
tracks/1/path = NodePath("Mouth/Mouth1:visible")
tracks/1/interp = 1
tracks/1/loop_wrap = true
tracks/1/keys = {
"times": PackedFloat32Array(0),
"transitions": PackedFloat32Array(1),
"update": 1,
"values": [false]
}
tracks/2/type = "value"
tracks/2/imported = false
tracks/2/enabled = true
tracks/2/path = NodePath("Mouth/Mouth2:visible")
tracks/2/interp = 1
tracks/2/loop_wrap = true
tracks/2/keys = {
"times": PackedFloat32Array(0),
"transitions": PackedFloat32Array(1),
"update": 1,
"values": [false]
}

[sub_resource type="AnimationLibrary" id="AnimationLibrary_7xc3x"]
_data = {
&"Mouth": SubResource("Animation_0yvmd"),
&"RESET": SubResource("Animation_wktn1")
}

[sub_resource type="Animation" id="Animation_u6bcg"]
length = 0.001
step = 0.1
tracks/0/type = "value"
tracks/0/imported = false
tracks/0/enabled = true
tracks/0/path = NodePath("Body/Body0:visible")
tracks/0/interp = 1
tracks/0/loop_wrap = true
tracks/0/keys = {
"times": PackedFloat32Array(0),
"transitions": PackedFloat32Array(1),
"update": 1,
"values": [true]
}
tracks/1/type = "value"
tracks/1/imported = false
tracks/1/enabled = true
tracks/1/path = NodePath("Body/Body1:visible")
tracks/1/interp = 1
tracks/1/loop_wrap = true
tracks/1/keys = {
"times": PackedFloat32Array(0),
"transitions": PackedFloat32Array(1),
"update": 1,
"values": [false]
}
tracks/2/type = "value"
tracks/2/imported = false
tracks/2/enabled = true
tracks/2/path = NodePath("Body/Body2:visible")
tracks/2/interp = 1
tracks/2/loop_wrap = true
tracks/2/keys = {
"times": PackedFloat32Array(0),
"transitions": PackedFloat32Array(1),
"update": 1,
"values": [false]
}
tracks/3/type = "value"
tracks/3/imported = false
tracks/3/enabled = true
tracks/3/path = NodePath("Body/Body3:visible")
tracks/3/interp = 1
tracks/3/loop_wrap = true
tracks/3/keys = {
"times": PackedFloat32Array(0),
"transitions": PackedFloat32Array(1),
"update": 1,
"values": [false]
}

[sub_resource type="Animation" id="Animation_7xc3x"]
resource_name = "Startup"
step = 0.05
tracks/0/type = "value"
tracks/0/imported = false
tracks/0/enabled = true
tracks/0/path = NodePath("Body/Body0:visible")
tracks/0/interp = 1
tracks/0/loop_wrap = true
tracks/0/keys = {
"times": PackedFloat32Array(0, 0.1),
"transitions": PackedFloat32Array(1, 1),
"update": 1,
"values": [true, false]
}
tracks/1/type = "value"
tracks/1/imported = false
tracks/1/enabled = true
tracks/1/path = NodePath("Body/Body1:visible")
tracks/1/interp = 1
tracks/1/loop_wrap = true
tracks/1/keys = {
"times": PackedFloat32Array(0, 0.1, 0.2),
"transitions": PackedFloat32Array(1, 1, 1),
"update": 1,
"values": [false, true, false]
}
tracks/2/type = "value"
tracks/2/imported = false
tracks/2/enabled = true
tracks/2/path = NodePath("Body/Body2:visible")
tracks/2/interp = 1
tracks/2/loop_wrap = true
tracks/2/keys = {
"times": PackedFloat32Array(0, 0.2, 0.8),
"transitions": PackedFloat32Array(1, 1, 1),
"update": 1,
"values": [false, true, false]
}
tracks/3/type = "value"
tracks/3/imported = false
tracks/3/enabled = true
tracks/3/path = NodePath("Body/Body3:visible")
tracks/3/interp = 1
tracks/3/loop_wrap = true
tracks/3/keys = {
"times": PackedFloat32Array(0, 0.8),
"transitions": PackedFloat32Array(1, 1),
"update": 1,
"values": [false, true]
}

[sub_resource type="AnimationLibrary" id="AnimationLibrary_cp2xy"]
_data = {
&"RESET": SubResource("Animation_u6bcg"),
&"Startup": SubResource("Animation_7xc3x")
}

[sub_resource type="Animation" id="Animation_rqqmd"]
resource_name = "Body"
length = 0.14
loop_mode = 1
step = 0.07
tracks/0/type = "value"
tracks/0/imported = false
tracks/0/enabled = true
tracks/0/path = NodePath("Eyes/Eyes2:visible")
tracks/0/interp = 1
tracks/0/loop_wrap = true
tracks/0/keys = {
"times": PackedFloat32Array(0, 0.07, 0.14),
"transitions": PackedFloat32Array(1, 1, 1),
"update": 1,
"values": [false, true, false]
}

[sub_resource type="Animation" id="Animation_ptfmt"]
length = 0.001
tracks/0/type = "value"
tracks/0/imported = false
tracks/0/enabled = true
tracks/0/path = NodePath("Eyes/Eyes2:visible")
tracks/0/interp = 1
tracks/0/loop_wrap = true
tracks/0/keys = {
"times": PackedFloat32Array(0),
"transitions": PackedFloat32Array(1),
"update": 1,
"values": [false]
}

[sub_resource type="AnimationLibrary" id="AnimationLibrary_nwoht"]
_data = {
&"Body": SubResource("Animation_rqqmd"),
&"RESET": SubResource("Animation_ptfmt")
}

[node name="EdgCourtOof" type="Node2D" node_paths=PackedStringArray("BodyAnimation", "EyeTimer", "EyesAnimation", "MouthAnimation", "StartupAnimation")]
script = ExtResource("1_rqqmd")
char_name = "Edgeworth"
BodyAnimation = NodePath("BodyAnimation")
EyeTimer = NodePath("Eyes/Timer")
EyesAnimation = NodePath("EyesAnimation")
MouthAnimation = NodePath("MouthAnimation")
StartupAnimation = NodePath("StartupAnimation")
metadata/_custom_type_script = "uid://bqstj7ubfag1c"

[node name="EyesAnimation" type="AnimationPlayer" parent="."]
libraries = {
&"": SubResource("AnimationLibrary_p5637")
}

[node name="MouthAnimation" type="AnimationPlayer" parent="."]
libraries = {
&"": SubResource("AnimationLibrary_7xc3x")
}

[node name="StartupAnimation" type="AnimationPlayer" parent="."]
libraries = {
&"": SubResource("AnimationLibrary_cp2xy")
}

[node name="BodyAnimation" type="AnimationPlayer" parent="."]
libraries = {
&"": SubResource("AnimationLibrary_nwoht")
}

[node name="Body" type="Node2D" parent="."]
position = Vector2(1158, 973)

[node name="Body0" type="Sprite2D" parent="Body"]
position = Vector2(-573.5, -1028)
texture = ExtResource("2_wktn1")
centered = false

[node name="Body1" type="Sprite2D" parent="Body"]
visible = false
position = Vector2(92, -487)
texture = ExtResource("3_rqqmd")

[node name="Body2" type="Sprite2D" parent="Body"]
visible = false
position = Vector2(144, -487)
texture = ExtResource("4_ptfmt")

[node name="Body3" type="Sprite2D" parent="Body"]
visible = false
position = Vector2(8, -335)
texture = ExtResource("5_nwoht")

[node name="Eyes" type="Node2D" parent="."]
position = Vector2(1158, 973)

[node name="Timer" type="Timer" parent="Eyes"]
wait_time = 3.0
one_shot = true

[node name="Eyes2" type="Sprite2D" parent="Eyes"]
visible = false
position = Vector2(-195.5, -541)
texture = ExtResource("6_xsnmi")

[node name="Eyes0" type="Sprite2D" parent="Eyes"]
visible = false
position = Vector2(-195.5, -541)
texture = ExtResource("7_il4i1")

[node name="Eyes1" type="Sprite2D" parent="Eyes"]
visible = false
position = Vector2(-195.5, -541)
texture = ExtResource("8_och1u")

[node name="Mouth" type="Node2D" parent="."]
position = Vector2(1158, 973)

[node name="Mouth0" type="Sprite2D" parent="Mouth"]
visible = false
position = Vector2(-141.5, -406)
texture = ExtResource("9_w6j4h")

[node name="Mouth1" type="Sprite2D" parent="Mouth"]
visible = false
position = Vector2(-141.5, -406)
texture = ExtResource("10_v6t43")

[node name="Mouth2" type="Sprite2D" parent="Mouth"]
visible = false
position = Vector2(-141.5, -406)
texture = ExtResource("11_6aslk")
